[Event "Titled Tuesday Blitz September 27 Early 2022"]
[White "Jakubowski, Krzysztof"]
[Black "Fawzy, Adham"]
[WhiteFideId "1112848"]
[BlackFideId "10613129"]
[WhiteElo "2306"]
[BlackElo "2541"]
[Result "1-0"]
[Round "06"]
[TimeControl "180+1"]
[Date "2022.09.27"]
[WhiteClock "0:01:34"]
[BlackClock "0:00:10"]

1. e4 c5 2. Nf3 d6 3. d4 cxd4 4. Nxd4 Nf6 5. Nc3 a6 6. g3 g6 7. Bg2 Bg7 8. O-O O-O 9. Re1 Qc7 10. Nd5 Nxd5 11. exd5 b5 12. Bg5 Re8 13. c3 h6 14. Bf4 Nd7 15. Qd2 g5 16. Be3 Ne5 17. b3 Bb7 18. Rac1 Rac8 19. h3 Qb8 20. f4 gxf4 21. gxf4 Nd7 22. Kh2 Kh8 23. Nf5 Nf6 24. Rg1 Qc7 25. Qf2 Rg8 26. Qh4 Kh7 27. Bd4 Qd7 28. Be4 Nxe4 29. Rxg7+ 1-0


[Site "https://www.chess.com"]

[Event "Titled Tuesday Blitz September 27 Early 2022"]
[White "Jean Louis, Marckens"]
[Black "Brodowski, Piotr"]
[WhiteFideId "11900270"]
[BlackFideId "1124480"]
[WhiteElo "2031"]
[BlackElo "2312"]
[Result "0-1"]
[Round "06"]
[TimeControl "180+1"]
[Date "2022.09.27"]
[WhiteClock "0:01:33"]
[BlackClock "0:01:45"]

1. d4 c5 2. d5 d6 3. c4 e5 4. dxe6 Bxe6 5. b3 Qf6 6. Qc2 Qxa1 7. Nc3 g6 8. e4 Bg7 9. Nge2 Nc6 10. Kd2 Nb4 11. Qd1 Nxa2 12. Nb5 Nxc1 13. Nxc1 Rd8 14. Nc7+ Ke7 15. Nd5+ Bxd5 16. exd5 Qc3+ 17. Ke2 Nf6 18. h4 Rhe8 19. Rh3 Kf8+ 20. Re3 Rxe3+ 21. fxe3 Re8 22. Nd3 Ng4 23. e4 Rxe4+ 24. Kf3 Rd4 25. Be2 Ne5+ 26. Ke3 Bh6+ 0-1


[Site "https://www.chess.com"]

[Event "Titled Tuesday Blitz September 27 Early 2022"]
[White "Jimenez Almeida, Luis David"]
[Black "Piesik, Piotr"]
[WhiteFideId "22242244"]
[BlackFideId "1136194"]
[WhiteElo "2077"]
[BlackElo "2221"]
[Result "0-1"]
[Round "06"]
[TimeControl "180+1"]
[Date "2022.09.27"]
[WhiteClock "0:00:07"]
[BlackClock "0:00:20"]

1. e4 g6 2. h4 h5 3. d4 c6 4. Nc3 d5 5. e5 Nh6 6. Nh3 Nf5 7. Ng5 f6 8. Nf3 Bg7 9. Bf4 Nd7 10. Qd2 Nf8 11. O-O-O Ne6 12. g3 Nxf4 13. gxf4 Nh6 14. Rg1 Bf5 15. Bd3 Kf7 16. Ne2 Qd7 17. Ng3 b5 18. Nxf5 Nxf5 19. Rde1 e6 20. exf6 Bxf6 21. Ne5+ Bxe5 22. fxe5 Qe7 23. Rg5 Rhg8 24. Bxf5 exf5 25. e6+ Kg7 26. Qf4 Raf8 27. Qe5+ Kh7 28. Kb1 Rf6 29. b3 Re8 30. Qg3 Rxe6 31. Rxe6 Qxe6 32. Kb2 b4 33. Qc7+ Re7 34. Qb8 a5 35. Qb6 Qf6 36. Rg3 Qxh4 37. Rd3 Qxf2 38. Qxa5 Qe1 39. Qc5 Re3 40. Rxe3 Qxe3 41. Qxb4 h4 42. a4 h3 43. Qb7+ Kh6 44. Qc8 Qxd4+ 45. Ka2 Kg5 46. Qd8+ Kg4 47. a5 h2 48. Qe8 h1=Q 0-1


[Site "https://www.chess.com"]

[Event "Titled Tuesday Blitz September 27 Early 2022"]
[White "Kalajzic, Ivan"]
[Black "Winkels, Marcel"]
[WhiteFideId "14506378"]
[BlackFideId "1003887"]
[WhiteElo "2163"]
[BlackElo "1900"]
[Result "1-0"]
[Round "06"]
[TimeControl "180+1"]
[Date "2022.09.27"]
[WhiteClock "0:00:56"]
[BlackClock "0:00:18"]

1. d4 Nf6 2. Nc3 d5 3. Bg5 Nbd7 4. e3 g6 5. f4 Bg7 6. Nf3 O-O 7. Ne5 h6 8. Bh4 Nxe5 9. dxe5 Ne4 10. Nxd5 g5 11. Bg3 c6 12. Nc3 Nxc3 13. bxc3 Qb6 14. Qd4 Qb2 15. Rd1 Qxc2 16. Rd2 Qc1+ 17. Kf2 Be6 18. Rg1 c5 19. Qd3 Bc4 20. Qd7 Be6 21. Qd3 Bc4 22. Qc2 Qxc2 23. Rxc2 Bxf1 24. Rxf1 Rfd8 25. Rb1 b6 26. a4 Rd3 27. a5 Rb8 28. f5 e6 29. e4 b5 30. c4 b4 31. Ke2 Rbd8 32. Be1 Bxe5 33. h3 Bf4 34. fxe6 fxe6 35. Bf2 Rd2+ 36. Rxd2 Rxd2+ 37. Kf3 Rd3+ 38. Kg4 Kg7 39. Kh5 Ra3 40. Bxc5 Rxa5 41. Bxb4 Ra4 42. c5 a5 43. Bc3+ Kh7 44. Rb7+ Kg8 45. e5 Rc4 46. Kg6 Rxc3 47. Rb8# 1-0


[Site "https://www.chess.com"]

[Event "Titled Tuesday Blitz September 27 Early 2022"]
[White "Kamsky, Gata"]
[Black "Agasarov, Benik"]
[WhiteFideId "2000024"]
[BlackFideId "13314823"]
[WhiteElo "2666"]
[BlackElo "2152"]
[Result "1-0"]
[Round "06"]
[TimeControl "180+1"]
[Date "2022.09.27"]
[WhiteClock "0:00:05"]
[BlackClock "0:00:08"]

1. e4 e5 2. Nf3 Nc6 3. Bb5 a6 4. Ba4 Nf6 5. O-O b5 6. Bb3 Bc5 7. c3 d6 8. d4 Bb6 9. h3 Bb7 10. Re1 O-O 11. Be3 exd4 12. cxd4 Na5 13. d5 Nxb3 14. Qxb3 Ba5 15. Bd2 Bb6 16. Nc3 Re8 17. a4 bxa4 18. Rxa4 Nd7 19. Raa1 Nc5 20. Qc2 a5 21. Na4 Nxa4 22. Rxa4 Bc8 23. Bc3 Bd7 24. Raa1 a4 25. e5 Bc5 26. Qd2 c6 27. Rad1 cxd5 28. Qxd5 Be6 29. Qe4 Bb3 30. Rd2 d5 31. Qg4 Re6 32. Nd4 Rg6 33. Qf4 Bxd4 34. Rxd4 Raa6 35. Kh2 Qg5 36. Qxg5 Rxg5 37. f4 Rgg6 38. f5 Rgc6 39. Rb4 Rab6 40. Rxb6 Rxb6 41. Re2 Kf8 42. g4 Ke8 43. Kg3 g6 44. Kf4 gxf5 45. gxf5 Rh6 46. Rg2 Rxh3 47. Rg8+ Kd7 48. Rg7 Ke8 49. e6 fxe6 50. fxe6 d4 51. Bb4 Re3 52. Rg8# 1-0


[Site "https://www.chess.com"]

[Event "Titled Tuesday Blitz September 27 Early 2022"]
[White "Karavade, Eesha"]
[Black "Umarov, Sabir"]
[WhiteFideId "5012600"]
[BlackFideId "14200538"]
[WhiteElo "2258"]
[BlackElo "2362"]
[Result "0-1"]
[Round "06"]
[TimeControl "180+1"]
[Date "2022.09.27"]
[WhiteClock "0:00:04"]
[BlackClock "0:00:05"]

1. Nf3 g6 2. g3 Bg7 3. d4 f5 4. c4 Nf6 5. Nc3 O-O 6. Bg2 c6 7. O-O d6 8. Re1 h6 9. Qc2 Qe8 10. e4 fxe4 11. Nxe4 Qf7 12. Nxf6+ exf6 13. Bf4 Rd8 14. c5 d5 15. Nh4 g5 16. Bxb8 Rxb8 17. Nf5 Bf8 18. Re2 Qh7 19. Ne7+ Bxe7 20. Qxh7+ Kxh7 21. Rxe7+ Kg6 22. Rae1 b6 23. b4 bxc5 24. bxc5 Rb4 25. Rd1 a5 26. Rc7 Bg4 27. f3 Bd7 28. Rd2 a4 29. Bf1 a3 30. Ra7 Rb2 31. Rxb2 axb2 32. Rb7 Bf5 33. Rxb2 g4 34. Kf2 gxf3 35. Kxf3 Ra8 36. Be2 Ra3+ 37. Kf2 Be4 38. h4 f5 39. Rd2 f4 40. gxf4 Kf5 41. Bd1 Kxf4 42. Bb3 Ra7 43. Ke1 Rg7 44. Rf2+ Ke3 45. Re2+ Kxd4 46. Kd2 Kxc5 47. Ke3 Rg3+ 48. Kf4 Rh3 49. Kg4 Bf3+ 50. Kxh3 Bxe2 51. Kg3 Kd4 52. Kf4 Bc4 53. Bd1 Bxa2 54. Kf5 Bb1+ 55. Kf6 Ke3 56. Kg7 d4 57. Kxh6 d3 58. Kg7 Bc2 59. Bg4 d2 60. h5 d1=Q 61. Bxd1 Bxd1 62. h6 Bc2 63. Kf6 c5 64. Ke5 c4 65. Kd5 c3 66. Kc4 Kd2 67. Kd4 Bh7 68. Kc4 c2 69. Kd4 c1=Q 70. Ke5 Qc3+ 71. Ke6 Qe3+ 72. Kf7 Qxh6 73. Ke7 Qg6 0-1


[Site "https://www.chess.com"]

[Event "Titled Tuesday Blitz September 27 Early 2022"]
[White "Kislov, Oleg"]
[Black "Mirzoev, Azer"]
[WhiteFideId "13503774"]
[BlackFideId "13400304"]
[WhiteElo "2185"]
[BlackElo "2525"]
[Result "1-0"]
[Round "06"]
[TimeControl "180+1"]
[Date "2022.09.27"]
[WhiteClock "0:00:05"]
[BlackClock "0:00:04"]

1. e4 c5 2. Nf3 d6 3. c3 Nf6 4. Be2 Nbd7 5. Qc2 Qc7 6. d4 cxd4 7. Nxd4 a6 8. a4 g6 9. O-O Bg7 10. a5 O-O 11. Be3 Nc5 12. Nd2 d5 13. exd5 Nxd5 14. Bg5 Nf4 15. Bf3 h6 16. Bh4 e5 17. Ne2 Bf5 18. Ne4 g5 19. Nf6+ Bxf6 20. Qxf5 Kg7 21. Bg3 Rad8 22. h4 Rd2 23. Rfe1 Rxb2 24. Rad1 Qc8 25. Qxc8 Rxc8 26. hxg5 hxg5 27. Bxf4 exf4 28. Nd4 Kf8 29. Nf5 Rd8 30. Rxd8+ Bxd8 31. Rd1 Bxa5 32. Rd5 Bb6 33. Nd4 Nd3 34. Rxg5 Nxf2 35. Rf5 Nd3 36. Kh2 Ne1 37. Bd5 Bc7 38. Rxf7+ Ke8 39. Rxc7 b5 40. Ne6 a5 41. Bc6# 1-0


[Site "https://www.chess.com"]

[Event "Titled Tuesday Blitz September 27 Early 2022"]
[White "Kollars, Dmitrij"]
[Black "Krishnan, Varun"]
[WhiteFideId "12909572"]
[BlackFideId "5054508"]
[WhiteElo "2584"]
[BlackElo "2625"]
[Result "1-0"]
[Round "06"]
[TimeControl "180+1"]
[Date "2022.09.27"]
[WhiteClock "0:00:43"]
[BlackClock "0:00:11"]

1. Nf3 d5 2. g3 g6 3. Bg2 Bg7 4. O-O e5 5. d3 Ne7 6. c4 c6 7. e4 O-O 8. b4 a5 9. b5 dxe4 10. dxe4 Be6 11. Ba3 Bf6 12. Qc2 Qb6 13. Nbd2 cxb5 14. cxb5 Qxb5 15. Rfb1 Qa6 16. Bf1 Qc6 17. Qxc6 Nbxc6 18. Rxb7 Nb4 19. Bxb4 axb4 20. Bc4 Nc6 21. Bxe6 fxe6 22. Kg2 Rfd8 23. Nb3 Rd3 24. Rc1 Rc3 25. Rc7 Nd4 26. R1xc3 bxc3 27. Rxc3 Rxa2 28. Rc8+ Kg7 29. Rc7+ Kg8 30. Nbxd4 exd4 31. e5 Bg7 32. Re7 Bf8 33. Rxe6 d3 34. Re8 Kf7 35. Rd8 Ra3 36. Ng5+ Ke7 37. Rd5 Bh6 38. Ne4 Ke6 39. Rxd3 Rxd3 40. Nc5+ Kxe5 41. Nxd3+ Kf6 42. Kf3 Bf8 43. Ke4 Ba3 44. Nf4 Bd6 45. Nd5+ Ke6 46. h3 Ba3 47. g4 Bd6 48. f4 h5 49. gxh5 gxh5 50. f5+ Kf7 51. Kf3 Be5 52. Ke3 Bd6 53. Ke4 Bh2 54. Nf4 h4 55. Nd5 Bd6 56. Kf3 Be5 57. Kg4 Bg3 58. Kg5 Be1 59. Kh5 Bf2 60. Kg4 Be1 61. Kg5 Bf2 62. Nc3 Be1 63. Ne4 Bg3 64. f6 Be1 65. Kf5 Bg3 66. Ng5+ Kf8 67. Kg6 Bd6 68. Nh7+ Kg8 69. f7+ Kh8 70. f8=Q+ Bxf8 71. Nxf8 Kg8 72. Ne6 Kh8 73. Ng5 Kg8 74. Nf3 Kh8 75. Nxh4 Kg8 76. Nf5 Kh8 77. h4 Kg8 78. h5 Kh8 79. h6 Kg8 80. Nd6 Kh8 81. Nf7+ Kg8 82. h7+ Kf8 83. h8=Q+ Ke7 84. Qd8+ Ke6 85. Qd6# 1-0


[Site "https://www.chess.com"]

[Event "Titled Tuesday Blitz September 27 Early 2022"]
[White "Korelskiy, Egor"]
[Black "Deuer, Marius"]
[WhiteFideId "34329064"]
[BlackFideId "16236432"]
[WhiteElo "2071"]
[BlackElo "2059"]
[Result "1-0"]
[Round "06"]
[TimeControl "180+1"]
[Date "2022.09.27"]
[WhiteClock "0:01:30"]
[BlackClock "0:01:13"]

1. e4 c5 2. Nf3 Nc6 3. Bb5 Nd4 4. Nxd4 cxd4 5. O-O e6 6. d3 a6 7. Bc4 b5 8. Bb3 Bc5 9. Nd2 Ne7 10. f4 O-O 11. Nf3 f5 12. Kh1 Bb7 13. Re1 h6 14. c3 dxc3 15. bxc3 fxe4 16. dxe4 d5 17. exd5 Bxd5 18. Bxd5 Nxd5 19. Qc2 Nxf4 20. Bxf4 Rxf4 21. Rxe6 Qc7 22. Rae1 Raf8 23. Re8 Rxe8 24. Rxe8+ Rf8 25. Rxf8+ Kxf8 26. Qf5+ Kg8 27. Ne5 Bd6 28. Qe6+ Kh7 29. Nf3 Qxc3 30. Qxd6 Qc1+ 31. Ng1 Qc2 32. Qxa6 1-0


[Site "https://www.chess.com"]

[Event "Titled Tuesday Blitz September 27 Early 2022"]
[White "Kosakowski, Jakub"]
[Black "Sebenik, Matej"]
[WhiteFideId "1185080"]
[BlackFideId "14602296"]
[WhiteElo "2453"]
[BlackElo "2461"]
[Result "1-0"]
[Round "06"]
[TimeControl "180+1"]
[Date "2022.09.27"]
[WhiteClock "0:01:06"]
[BlackClock "0:00:04"]

1. d4 d5 2. Nf3 Nf6 3. Bg5 Ne4 4. Bf4 c5 5. e3 Nc6 6. Bd3 Qb6 7. Nc3 cxd4 8. exd4 Bf5 9. O-O e6 10. Nb5 Rc8 11. c4 dxc4 12. Bxc4 a6 13. d5 axb5 14. dxc6 bxc6 15. Bd3 Rd8 16. Qe2 Ng3 17. hxg3 Bxd3 18. Qe5 Bxf1 19. Rxf1 c5 20. Re1 f6 21. Qh5+ g6 22. Qh3 Kf7 23. g4 e5 24. Bg3 Bd6 25. g5 Rde8 26. gxf6 h6 27. Qd7+ 1-0


[Site "https://www.chess.com"]

[Event "Titled Tuesday Blitz September 27 Early 2022"]
[White "Kostiukov, Alexandr"]
[Black "Ronka, Erik"]
[WhiteFideId "14108100"]
[BlackFideId "505080"]
[WhiteElo "2202"]
[BlackElo "2264"]
[Result "0-1"]
[Round "06"]
[TimeControl "180+1"]
[Date "2022.09.27"]
[WhiteClock "0:00:31"]
[BlackClock "0:00:47"]

1. g3 g6 2. Bg2 Bg7 3. c4 e5 4. Nf3 Nc6 5. O-O d6 6. Nc3 f5 7. d3 h6 8. Rb1 Nf6 9. b4 O-O 10. b5 Ne7 11. a4 Rb8 12. a5 b6 13. Bd2 Bb7 14. Ra1 g5 15. axb6 axb6 16. Ra7 Ba8 17. Qb3 Kh8 18. Rfa1 g4 19. Nh4 Bxg2 20. Kxg2 f4 21. gxf4 Nh5 22. fxe5 Bxe5 23. Bxh6 Rg8 24. Be3 Nd5 25. Nxd5 Qxh4 26. Rh1 Qh3+ 27. Kg1 Rbf8 28. Nxc7 Rf3 29. Qd1 g3 30. hxg3 Rgxg3+ 0-1


[Site "https://www.chess.com"]

[Event "Titled Tuesday Blitz September 27 Early 2022"]
[White "Kravtsiv, Martyn"]
[Black "Reyes, Narquingden"]
[WhiteFideId "14113147"]
[BlackFideId "5217334"]
[WhiteElo "2694"]
[BlackElo "2313"]
[Result "1-0"]
[Round "06"]
[TimeControl "180+1"]
[Date "2022.09.27"]
[WhiteClock "0:01:22"]
[BlackClock "0:00:59"]

1. e4 c6 2. Nf3 d5 3. d3 Bg4 4. h3 Bh5 5. Qe2 Nf6 6. Nc3 d4 7. Nb1 e5 8. Nbd2 Nbd7 9. Nc4 b5 10. Ncd2 Bd6 11. g4 Bg6 12. Bg2 h5 13. Nh4 Nf8 14. f4 hxg4 15. hxg4 N6d7 16. Ndf3 exf4 17. Bd2 Ne5 18. O-O-O Nxg4 19. Nxd4 Rxh4 20. e5 Rxh1 21. exd6+ Kd7 22. Qxg4+ Kxd6 23. Qxf4+ Kc5 24. Nb3+ Kb6 25. Ba5+ 1-0


[Site "https://www.chess.com"]

[Event "Titled Tuesday Blitz September 27 Early 2022"]
[White "Lahdelma, Henri"]
[Black "Aldokhin, Ivan"]
[WhiteFideId "510394"]
[BlackFideId "24115720"]
[WhiteElo "2210"]
[BlackElo "2243"]
[Result "1-0"]
[Round "06"]
[TimeControl "180+1"]
[Date "2022.09.27"]
[WhiteClock "0:00:49"]
[BlackClock "0:00:11"]

1. d4 Nf6 2. c4 g6 3. Nc3 Bg7 4. e4 d6 5. Be2 O-O 6. Bg5 h6 7. Be3 Nc6 8. h3 Re8 9. g4 e5 10. d5 Nd4 11. Nf3 Nxe2 12. Qxe2 Nxg4 13. hxg4 Bxg4 14. Rg1 Bh5 15. Rg3 f5 16. Rh3 Bg4 17. Rg3 h5 18. Rxg4 hxg4 19. Ng5 f4 20. Ne6 Qh4 21. Bd2 f3 22. Qf1 Rxe6 23. dxe6 Re8 24. O-O-O Rxe6 25. Kb1 Bh6 26. Bxh6 Qxh6 27. Nd5 c6 28. Ne3 g3 29. c5 g2 30. Qc4 Kf7 31. cxd6 Qh1 32. d7 Qxd1+ 33. Nxd1 Ke7 34. d8=Q+ Kxd8 35. Qxe6 g1=Q 36. Kc2 Qe1 37. Qd6+ Kc8 38. Qd2 Qf1 39. Qe3 Qc4+ 40. Nc3 b5 41. b3 Qd4 42. Qxf3 b4 43. Ne2 Qa1 44. Nc1 Kc7 45. Qd3 a5 46. Qc4 g5 47. Kd3 Kb6 48. Ke2 Kc7 49. Kf3 Qb2 50. Nd3 Qa1 51. Kg4 Qh1 52. Kxg5 Qf3 53. Nxe5 Qg2+ 54. Ng4 Qf3 55. e5 Qf8 56. Nf6 Qg7+ 57. Kf5 Kb6 58. Qd4+ Kb7 59. Qd6 Kb6 60. e6 Qg2 61. Qd4+ Kb7 62. e7 Qf3+ 63. Ke6 Qe2+ 64. Qe5 Qxa2 65. e8=Q Qxb3+ 66. Kf5 Qc2+ 67. Qe4 Qxf2+ 68. Kg6 Qg1+ 69. Kf7 Qc5 70. Q8e7+ Qxe7+ 71. Qxe7+ Kb6 72. Ne4 Kb5 73. Qc5+ Ka4 74. Qxc6+ Ka3 75. Qc1+ Ka4 76. Qc2+ b3 77. Qc3 Ka3 78. Nc5 a4 79. Nxa4 Kxa4 80. Qb2 Kb4 81. Kf6 Kc4 82. Kf5 Kb4 83. Kf4 Kc4 84. Kf3 Kb4 85. Ke2 Kc4 86. Kd2 Kb4 87. Kd3 Ka4 88. Kc4 Ka5 89. Qxb3 Ka6 90. Qb8 Ka5 91. Qb5# 1-0


[Site "https://www.chess.com"]

[Event "Titled Tuesday Blitz September 27 Early 2022"]
[White "Lauridsen, Jesper Morch"]
[Black "Janaszak, Dawid"]
[WhiteFideId "1401890"]
[BlackFideId "1119206"]
[WhiteElo "2250"]
[BlackElo "2165"]
[Result "0-1"]
[Round "06"]
[TimeControl "180+1"]
[Date "2022.09.27"]
[WhiteClock "0:00:39"]
[BlackClock "0:00:41"]

1. e4 g6 2. d4 Bg7 3. Nc3 d6 4. Be3 a6 5. h4 h6 6. h5 g5 7. f4 gxf4 8. Bxf4 Nc6 9. d5 Nd4 10. Be3 c5 11. dxc6 Nxc6 12. Nd5 Kf8 13. Bb6 Qd7 14. Nf3 Nf6 15. Bc4 Nxd5 16. Bxd5 Nb4 17. O-O Nxd5 18. exd5 Qg4 19. Nd4 Rg8 20. Ne6+ Bxe6 21. dxe6 Bd4+ 0-1


[Site "https://www.chess.com"]

[Event "Titled Tuesday Blitz September 27 Early 2022"]
[White "Levitan, Caleb Levi"]
[Black "Gu, Xiaobing"]
[WhiteFideId "14332620"]
[BlackFideId "8602611"]
[WhiteElo "1811"]
[BlackElo "2174"]
[Result "0-1"]
[Round "06"]
[TimeControl "180+1"]
[Date "2022.09.27"]
[WhiteClock "0:00:02"]
[BlackClock "0:01:02"]

1. e4 c5 2. Nf3 d6 3. d4 cxd4 4. Nxd4 Nf6 5. Nc3 a6 6. Bc4 e6 7. Bb3 Nbd7 8. Bg5 Qa5 9. f4 Be7 10. Qd2 Nc5 11. Bxf6 Bxf6 12. O-O-O O-O 13. Kb1 b5 14. Qe3 Qc7 15. g4 Bb7 16. g5 Be7 17. f5 b4 18. Nce2 Nxb3 19. axb3 e5 20. Nf3 Rfc8 21. Rd2 a5 22. f6 Bf8 23. fxg7 Bxg7 24. Nh4 a4 25. Nc1 axb3 26. Nxb3 Qc6 27. Re1 Qa6 28. c3 Qa2+ 29. Kc2 Ra3 30. c4 Rxc4+ 31. Kd1 Rxb3 32. Qb6 Qb1+ 33. Ke2 Rxe4+ 34. Kf1 Qxe1+ 35. Kg2 Qxd2+ 36. Qf2 Re2+ 37. Nf3 Rxf2+ 0-1


[Site "https://www.chess.com"]

[Event "Titled Tuesday Blitz September 27 Early 2022"]
[White "Ljukin, Sergei"]
[Black "Gilmanov, Mansur"]
[WhiteFideId "14102200"]
[BlackFideId "4166868"]
[WhiteElo "2312"]
[BlackElo "2377"]
[Result "0-1"]
[Round "06"]
[TimeControl "180+1"]
[Date "2022.09.27"]
[WhiteClock "0:00:02"]
[BlackClock "0:00:05"]

1. e4 e5 2. Nf3 Nc6 3. Bb5 Nge7 4. d4 a6 5. Ba4 exd4 6. Nxd4 g6 7. Nxc6 dxc6 8. Qf3 Bg7 9. O-O O-O 10. Rd1 Qe8 11. Bf4 Bxb2 12. Bxc7 Bxa1 13. Rd8 Qxd8 14. Bxd8 Rxd8 15. c3 Be6 16. h4 h5 17. Na3 c5 18. Bb3 Bxb3 19. axb3 Bb2 20. Nc4 Bc1 21. Qf6 Nc6 22. Nd6 Rd7 23. e5 Rf8 24. Ne4 Nd8 25. f4 Ne6 26. f5 Rd1+ 27. Kh2 Rf1 28. Qe7 Rxf5 29. Nf6+ Kg7 30. Qxb7 Bf4+ 31. g3 Bxe5 32. Nd7 Rd8 33. Qc6 c4 34. bxc4 Rf2+ 35. Kg1 Rf5 36. c5 Bxc3 37. Qb7 Nxc5 38. Nxc5 Rxc5 39. Qb6 Bd4+ 40. Kg2 Rc2+ 0-1


[Site "https://www.chess.com"]

[Event "Titled Tuesday Blitz September 27 Early 2022"]
[White "Mahdavi, Reza"]
[Black "So, Wesley"]
[WhiteFideId "12595926"]
[BlackFideId "5202213"]
[WhiteElo "2240"]
[BlackElo "2763"]
[Result "1-0"]
[Round "06"]
[TimeControl "180+1"]
[Date "2022.09.27"]
[WhiteClock "0:01:01"]
[BlackClock "0:00:20"]

1. e4 c5 2. Nf3 d6 3. Bb5+ Nd7 4. c3 Nf6 5. Qe2 a6 6. Ba4 b5 7. Bc2 Bb7 8. d4 e6 9. O-O Qc7 10. Re1 Rc8 11. Bd3 Be7 12. a4 O-O 13. Bg5 h6 14. Bh4 cxd4 15. cxd4 Qb6 16. axb5 axb5 17. Nc3 g5 18. Bg3 g4 19. Nd2 Qxd4 20. Nxb5 Qb6 21. Na7 Rc5 22. Nc4 Rxc4 23. Bxc4 Bxe4 24. Nb5 Ne5 25. Nc3 Bf5 26. Bxe5 dxe5 27. Qxe5 Qxb2 28. Nd5 Ba3 29. Nxf6+ Kg7 30. Nh5+ Kg6 31. Nf4+ Kg5 32. Rxa3 1-0


[Site "https://www.chess.com"]

[Event "Titled Tuesday Blitz September 27 Early 2022"]
[White "Maksimenko, Viktor"]
[Black "Gorshtein, Ido"]
[WhiteFideId "13710478"]
[BlackFideId "2815532"]
[WhiteElo "2269"]
[BlackElo "2411"]
[Result "0-1"]
[Round "06"]
[TimeControl "180+1"]
[Date "2022.09.27"]
[WhiteClock "0:01:17"]
[BlackClock "0:01:08"]

1. d4 Nc6 2. c4 e5 3. d5 Nce7 4. h4 Nf6 5. h5 h6 6. Nc3 Nf5 7. e3 Bb4 8. Bd2 O-O 9. Qc2 d6 10. Bd3 Ne7 11. Nge2 c6 12. e4 b5 13. b3 bxc4 14. bxc4 Ba6 15. Rb1 Rb8 16. Ng3 Qa5 17. O-O Rfc8 18. Rb3 cxd5 19. cxd5 Bxc3 20. Bxc3 Bxd3 21. Qxd3 Rxb3 22. axb3 Rxc3 23. Qd2 Qc5 24. Qd1 Rxg3 25. b4 Qb6 0-1


[Site "https://www.chess.com"]

[Event "Titled Tuesday Blitz September 27 Early 2022"]
[White "Malek, Jan"]
[Black "Vagman, Roy"]
[WhiteFideId "21864080"]
[BlackFideId "2828995"]
[WhiteElo "2172"]
[BlackElo "1945"]
[Result "1-0"]
[Round "06"]
[TimeControl "180+1"]
[Date "2022.09.27"]
[WhiteClock "0:01:03"]
[BlackClock "0:00:16"]

1. c4 c5 2. Nf3 Nc6 3. g3 g6 4. Bg2 Bg7 5. O-O d6 6. Nc3 Nf6 7. d4 cxd4 8. Nxd4 Bd7 9. b3 Nh5 10. Be3 O-O 11. Qd2 a6 12. Rac1 Qa5 13. Rfd1 Kh8 14. Nd5 Qd8 15. c5 dxc5 16. Nxc6 Bxc6 17. Bxc5 e6 18. Bxf8 Bxf8 19. Nf4 Qxd2 20. Rxd2 Bxg2 21. Kxg2 Nxf4+ 22. gxf4 Kg7 23. Rd7 Kg8 24. Rcc7 f6 25. Rxb7 h5 26. Kf3 Rc8 27. Rbc7 Rb8 28. Rc6 Re8 29. Rxa6 g5 30. fxg5 fxg5 31. Ke4 Bg7 32. Raa7 Bh8 33. Ra5 Bf6 34. Rda7 Bd8 35. Ra8 Kf7 36. R5a7+ Kf6 37. Rd7 1-0


[Site "https://www.chess.com"]

[Event "Titled Tuesday Blitz September 27 Early 2022"]
[White "Maltsevskaya, Aleksandra"]
[Black "Harsha Bharathakoti"]
[WhiteFideId "24174041"]
[BlackFideId "5078776"]
[WhiteElo "2243"]
[BlackElo "2523"]
[Result "1-0"]
[Round "06"]
[TimeControl "180+1"]
[Date "2022.09.27"]
[WhiteClock "0:00:12"]
[BlackClock "0:00:21"]

1. e4 Nc6 2. Nc3 d6 3. d4 Nf6 4. Nf3 g6 5. Bb5 a6 6. Bxc6+ bxc6 7. e5 Nd7 8. h4 h6 9. e6 fxe6 10. Qd3 Rg8 11. h5 g5 12. Ne4 a5 13. Nfxg5 hxg5 14. h6 Ba6 15. Qh3 Nf6 16. Qxe6 Rg6 17. h7 Bc8 18. Nxf6+ Rxf6 19. Qg8 Be6 20. Qxg5 Qd7 21. h8=Q O-O-O 22. Qxa5 Kb7 23. Be3 Rf5 24. Qb4+ Rb5 25. Qd2 Rxb2 26. d5 1-0


[Site "https://www.chess.com"]

[Event "Titled Tuesday Blitz September 27 Early 2022"]
[White "Malyi, Viacheslav"]
[Black "Babazada, Khazar"]
[WhiteFideId "14123983"]
[BlackFideId "13413554"]
[WhiteElo "2190"]
[BlackElo "2409"]
[Result "0-1"]
[Round "06"]
[TimeControl "180+1"]
[Date "2022.09.27"]
[WhiteClock "0:00:22"]
[BlackClock "0:01:53"]

1. e4 e6 2. Nf3 d5 3. e5 c5 4. b4 cxb4 5. a3 bxa3 6. c3 Nc6 7. d4 Bd7 8. Bd3 Nge7 9. Ng5 Nf5 10. Nxa3 Be7 11. h4 Nxh4 12. Qh5 Ng6 13. Nxh7 Nf8 14. Nf6+ gxf6 15. Qxh8 fxe5 16. Rh7 Qa5 17. Bb2 Qb6 18. Nb5 a6 19. Qg8 O-O-O 20. Rxf7 exd4 21. Rxe7 Nxe7 22. Nd6+ Qxd6 23. Ba3 Qxa3 0-1


[Site "https://www.chess.com"]

[Event "Titled Tuesday Blitz September 27 Early 2022"]
[White "Mangialardo, Tiago Carvalho"]
[Black "Stanisz, Patryk"]
[WhiteFideId "2130718"]
[BlackFideId "1123106"]
[WhiteElo "2018"]
[BlackElo "1833"]
[Result "0-1"]
[Round "06"]
[TimeControl "180+1"]
[Date "2022.09.27"]
[WhiteClock "0:00:04"]
[BlackClock "0:00:26"]

1. e4 c5 2. Nf3 Nc6 3. d4 cxd4 4. Nxd4 Nf6 5. Nc3 e5 6. Nf3 Bb4 7. Bd3 O-O 8. O-O h6 9. Bd2 Re8 10. Re1 d6 11. a3 Ba5 12. b4 Bb6 13. Nd5 Nxd5 14. exd5 Ne7 15. c4 Bg4 16. h3 Bxf3 17. Qxf3 Bd4 18. Ra2 Rf8 19. Qg3 Kh8 20. Kh1 f5 21. f3 Qe8 22. Qh2 Qh5 23. Be3 Bxe3 24. Rxe3 f4 25. Re1 Qh4 26. Qg1 b6 27. Qf2 Qg5 28. h4 Qh5 29. Kh2 Nf5 30. Bxf5 Rxf5 31. Rc2 Rc8 32. Rec1 g5 33. Kh3 e4 34. c5 e3 35. Qe1 bxc5 36. bxc5 dxc5 37. Rxc5 Rxc5 38. Rxc5 gxh4 39. Qc3+ Kh7 40. Rc7+ Rf7 41. Rxf7+ Qxf7 42. Qe5 Kg6 43. Kxh4 Qf6+ 44. Qxf6+ Kxf6 45. d6 e2 46. Kg4 e1=Q 47. d7 Qg3+ 0-1


[Site "https://www.chess.com"]

[Event "Titled Tuesday Blitz September 27 Early 2022"]
[White "Martin Carmona, Gaston Manuel"]
[Black "Ciuffoletti, Paolo"]
[WhiteFideId "22284567"]
[BlackFideId "807630"]
[WhiteElo "2162"]
[BlackElo "2143"]
[Result "1-0"]
[Round "06"]
[TimeControl "180+1"]
[Date "2022.09.27"]
[WhiteClock "0:00:44"]
[BlackClock "0:00:04"]

1. d4 d5 2. c4 c6 3. Nc3 Nf6 4. Nf3 dxc4 5. a4 e6 6. e3 c5 7. Bxc4 Nc6 8. O-O cxd4 9. exd4 Be7 10. Qe2 O-O 11. Rd1 Nb4 12. Bg5 Nfd5 13. Bxe7 Nxe7 14. Ne5 Ned5 15. Rac1 Bd7 16. Nxd5 Nxd5 17. Bxd5 exd5 18. b3 Be6 19. Rc3 Qa5 20. Rg3 Rac8 21. h4 Rc3 22. Rdd3 Rxd3 23. Qxd3 Rc8 24. Qe3 Rc2 25. Qg5 g6 26. Re3 Qd2 27. Qd8+ Kg7 28. Rf3 Rc1+ 29. Kh2 Qxd4 30. Qf6+ Kg8 31. h5 Qd1 32. Qd8+ Kg7 33. Qf6+ Kg8 34. Qd8+ Kg7 35. h6+ Kxh6 36. Qf8+ Kg5 37. Rg3+ Kf5 38. Rf3+ Kxe5 39. Qb8+ Ke4 40. Qf4# 1-0


[Site "https://www.chess.com"]

[Event "Titled Tuesday Blitz September 27 Early 2022"]
[White "Martin, Lewis"]
[Black "Fernandez Hernandez, Gerardo"]
[WhiteFideId "410551"]
[BlackFideId "2207400"]
[WhiteElo "2145"]
[BlackElo "2173"]
[Result "1-0"]
[Round "06"]
[TimeControl "180+1"]
[Date "2022.09.27"]
[WhiteClock "0:00:56"]
[BlackClock "0:00:03"]

1. e4 e6 2. d4 d5 3. Nd2 Nc6 4. Ngf3 Nf6 5. e5 Nd7 6. c3 f6 7. exf6 Qxf6 8. Bd3 Bd6 9. Qe2 O-O 10. O-O e5 11. dxe5 Ndxe5 12. Nxe5 Nxe5 13. Bc2 Bg4 14. f3 Be6 15. Nb3 Rae8 16. Qf2 Nc4 17. Nd4 Bd7 18. b3 Ne5 19. Bb2 c5 20. Ne2 Ng6 21. Ng3 Nf4 22. Rae1 b6 23. Bb1 c4 24. Qc2 Bc5+ 25. Kh1 Qh4 26. b4 Bd6 27. Kg1 Nh5 28. Qxh7+ Kf7 29. Bg6+ Kf6 30. Nxh5+ Kg5 31. Bc1+ Bf4 32. Bxf4+ Rxf4 33. g3 1-0


[Site "https://www.chess.com"]